 Dungeon Crawl Stone Soup version 0.23-a0-642-g3120c2f5a9 (webtiles) character file.

410 HereIgoKillingAgain the Sneak (level 6, -2/41 HPs)
             Began as a Vampire Enchanter on Dec 31, 2018.
             Slain by a hornet zombie (13 damage)
             ... in an ossuary.
             The game lasted 00:05:27 (3397 turns).

HereIgoKillingAgain the Sneak (Vampire Enchanter)   Turns: 3397, Time: 00:05:28

Health: -2/41      AC:  8    Str:  6 (7)  XL:     6   Next: 58%
Magic:  0/9        EV: 12    Int: 16 (19) God:
Gold:   183        SH:  0    Dex: 14 (15) Spells: 4/9 levels left

rFire    . . .     SeeInvis +   a - +4 dagger
rCold    + + .     Gourm    .   (no shield)
rNeg     + + +     Faith    .   b - +0 robe
rPois    ∞         Spirit   .   m - +1 hat
rElec    .         Reflect  .   n - +0 cloak
rCorr    .         Harm     .   h - +0 pair of gloves
MR       .....                  c - +2 pair of boots
Stlth    +++++.....             k - amulet of rage
HPRegen  0.00/turn              (no ring)
MPRegen  0.11/turn              (no ring)

@: very slightly contaminated, bloodless, non-regenerating, hasted, very quick
A: fangs 3, see invisible, unbreathing
a: Bat Form, Evoke Berserk Rage


You were in an ossuary.
You were bloodless.

You visited 1 branch of the dungeon, and saw 4 of its levels.
You also visited: Ossuary.

You collected 183 gold pieces.

Inventory:

Hand Weapons
 a - a +4 dagger (weapon)
Armour
 b - a +0 robe (worn)
 c - a +2 pair of boots (worn)
 h - a +0 pair of gloves (worn)
 m - a +1 hat (worn)
 n - a +0 cloak (worn)
 s - a +0 buckler
Jewellery
 g - an uncursed ring of protection from cold {unknown}
 k - an amulet of rage (around neck)
Scrolls
 i - a scroll of immolation
 j - 2 scrolls of amnesia
 l - a scroll of blinking
 o - 2 scrolls of remove curse {unknown}
 q - 3 scrolls of teleportation {unknown}
 r - a scroll of fog {unknown}
 t - a scroll of identify
Potions
 d - 21 potions of blood
 e - a potion of invisibility {unknown}
 f - a potion of lignification


   Skills:
 - Level 1.1 Short Blades
 - Level 2.1 Dodging
 + Level 7.1 Stealth
 + Level 1.1 Shields
 - Level 2.0 Spellcasting
 + Level 6.7 Hexes
 * Level 3.7 Evocations


You had 4 spell levels left.
You knew the following spells:

 Your Spells              Type           Power        Failure   Level  Hunger
a - Ensorcelled Hibernat  Hex/Ice        ##....       8%          2    ###....
b - Confuse               Hex            ###.....     4%          3    ###....

Your spell library contained the following spells:

 Spells                   Type           Power        Failure   Level  Hunger
 Corona                   Hex            ###....      1%          1    #......
 Tukima's Dance           Hex            ###.....     4%          3    ###....
 Dazzling Spray           Conj/Hex       ##....       16%         3    ###....


Dungeon Overview and Level Annotations

Branches:
Dungeon (4/15)
 Temple: D:4-7

Altars:
Xom


Innate Abilities, Weirdness & Mutations

You do not heal naturally.
You are immune to poison.
You have razor-sharp teeth.
You have supernaturally acute eyesight. (SInv)
You can survive without breathing.


Message History

Casting: Confuse (safe; 4% risk of failure)
Confirm with . or Enter, or press ? or * to list all spells.
Aiming: Confuse (safe; 4% risk of failure)
Press: ? - help, Shift-Dir - straight line, f - bullfrog zombie
Aim: a bullfrog zombie (heavily damaged, chance to defeat MR: 66%)
The bullfrog zombie struggles to resist.
Blink to where?
Press: ? - help, Dir - move target cursor, p - bullfrog zombie You are very lightly contaminated with residual magic.
As you read the scroll labeled DOUW FOOGYCI, it crumbles to dust.
It was a scroll of blinking.
There's a creature in the doorway!
You hit the hornet zombie but do no damage.
You bite the hornet zombie.
The hornet zombie is lightly damaged.
The hornet zombie hits you but does no damage.
You hit the hornet zombie.
The hornet zombie is lightly damaged.
The hornet zombie hits you!
You die...

..+ M≈' ≈≈≈P≈≈
###.#####≈#
###.≈#≈
#.'.#..∩#Z# .#Z.M
###.'.∩.#≈# '≈≈##
+.#...#≈# #≈ZP#
#.#####≈#####≈#≈#
+.............Z§#
#+#+#+#+#+#Z#+###
#@# ###


You could see a bog mummy (dormant), a worker ant zombie and a hornet zombie.

Vanquished Creatures
  A bullfrog (D:3)
  2 orc wizards (D:3)
  An iguana (D:4)
  Natasha (thrice) (D:2)
  2 mummies (Ossuary)
  9 adders
  3 worms
  2 dart slugs (D:2)
  7 orcs (D:3)
  2 ball pythons
  7 bats
  3 giant cockroaches
  6 goblins
  7 hobgoblins
  4 jackals (D:1)
  5 kobolds
  4 frilled lizards
  7 rats
75 creatures vanquished.

Vanquished Creatures (others)
  3 withered plants (Ossuary)
3 creatures vanquished.

Grand Total: 78 creatures vanquished

Notes
Turn   | Place    | Note
-------+----------+-------------------------------------------
     0 | D:1      | HereIgoKillingAgain the Vampire Enchanter began the quest
                  | for the Orb.
     0 | D:1      | Reached XP level 1. HP: 13/13 MP: 3/3
   318 | D:1      | Reached XP level 2. HP: 17/19 MP: 5/5
   324 | D:1      | Reached skill level 5 in Stealth
   346 | D:1      | Reached skill level 5 in Hexes
   993 | D:1      | Learned a level 2 spell: Ensorcelled Hibernation
  1277 | D:2      | Reached XP level 3. HP: 24/24 MP: 3/6
  1288 | D:2      | Reached skill level 1 in Evocations
  1531 | D:2      | Noticed Natasha
  1534 | D:2      | Killed Natasha
  1534 | D:2      | Reached XP level 4. HP: 30/30 MP: 7/7
  1771 | D:2      | Noticed Natasha
  1785 | D:2      | Killed Natasha
  1810 | D:2      | Noticed Natasha
  1816 | D:2      | Killed Natasha
  1816 | D:2      | Reached skill level 6 in Stealth
  2147 | D:3      | Learned a level 3 spell: Confuse
  2161 | D:3      | Reached XP level 5. HP: 35/35 MP: 4/8
  2760 | D:3      | Reached XP level 6. HP: 35/41 MP: 6/9
  3164 | D:4      | Found a shimmering altar of Xom.
  3165 | D:4      | Found a shimmering altar of Xom.
  3167 | D:4      | Found a shimmering altar of Xom.
  3168 | D:4      | Found a shimmering altar of Xom.
  3171 | D:4      | Reached skill level 7 in Stealth
  3174 | D:4      | Reached skill level 1 in Shields
  3212 | D:4      | Found a sand-covered staircase.
  3239 | Ossuary  | Entered an ossuary
  3381 | Ossuary  | HP: 2/41 [bullfrog zombie (4)]
  3397 | Ossuary  | Slain by a hornet zombie

Vault maps used:
D:1:      dpeg_arrival_refuge, serial_rivers, chequers_serial_rivers_micro_d,
          chequers_serial_rivers_room_a, chequers_serial_rivers_micro_d,
          chequers_serial_rivers_small_3, chequers_serial_rivers_micro_b
D:2:      uniq_natasha
D:3:      first_ration, minmay_diced_spiral
D:4:      nicolae_ossuary_entry_ruins, xom_redecorated, uniq_robin, uniq_ijyb
Ossuary:  ossuary_zaba_flooded

Skill      XL: |  1  2  3  4  5  6 |
---------------+-------------------+-----
Stealth        | 5 6 7 |  7.1
Hexes          | 5 6 |  6.7
Evocations     | 1 2 3 |  3.7
Shields        | 1 |  1.1
Short Blades   | |  1.1
Dodging        | |  2.1
Spellcasting   | |  2.0

Action                   |  1- 3 |  4- 6 || total
-------------------------+-------+-------++-------
Melee: Dagger            |    97 |   143 ||   240
       Bite              |     4 |     9 ||    13
 Cast: Corona            |     3 |       ||     3
       Ensorcelled Hiber |     4 |    23 ||    27
       Confuse           |       |     3 ||     3
  Use: Scroll            |     6 |     2 ||     8
       Potion            |       |     6 ||     6
 Stab: Sleeping          |    13 |    19 ||    32
       Confused          |       |     1 ||     1
Armor: Robe              |    36 |    56 ||    92
Dodge: Dodged            |    64 |   102 ||   166

Table legend:
 A = Non-vault XP
 B = Vault XP
 C = Vault XP percentage of total XP
 D = Non-vault monster count
 E = Vault monster count
 F = Vault count percentage of total count
                 A         B        C        D         E       F
            +---------+---------+-------+---------+---------+-------
      Total |     510 |      77 |  13.1 |      69 |       6 |   8.0
            +---------+---------+-------+---------+---------+-------
        D:1 |      28 |       0 |   0.0 |      16 |       0 |   0.0
        D:2 |     115 |      35 |  23.3 |      17 |       1 |   5.6
        D:3 |     291 |       6 |   2.0 |      32 |       3 |   8.6
        D:4 |      76 |       0 |   0.0 |       4 |       0 |   0.0
    Ossuary |       0 |      36 | 100.0 |       0 |       2 | 100.0
            +---------+---------+-------+---------+---------+-------
